Map: Simulacrum LE

Players

DoctorRyan - Winner!

  • Race: Protoss Protoss
  • League: Grandmaster
  • Spawn Location: 11:00

A.I. 2 (Elite)

  • Race: Zerg Zerg
  • Spawn Location: 5:00

VOD

Have the link to the VOD?

Description

Time

  • Played on: Dec. 5, 2019, 8:01 p.m.
  • Length: 11:51
Show
View Real Time Build Order
Export as new Build Order

DoctorRyan Protoss - Winner!

Build Orders: 1 Gate Expand, Zealot Archon, Archon Drop, Dark Templar Rush 

Get SALT Encoding   

  12  0:01  Probe  
  13  0:16  Probe  
  14  0:24  Pylon  
  14  0:28  Probe  
  15  0:42  Probe (Chrono Boost)  
  16  0:44  Gateway  
  16  0:53  Assimilator  
  16  0:54  Probe (Chrono Boost)  
  17  0:59  Probe (Chrono Boost)  
  18  1:09  Probe  
  19  1:21  Probe  
  20  1:33  Nexus  
  20  1:38  Cybernetics Core  
  20  1:40  Probe  
  21  1:48  Assimilator  
  21  1:52  Probe  
  22  1:55  Pylon  
  22  2:05  Probe  
  23  2:12  Adept (Chrono Boost)  
  25  2:16  Warp Gate  
  25  2:17  Probe  
  26  2:26  Twilight Council  
  26  2:29  Probe  
  27  2:34  Stalker (Chrono Boost)  
  30  2:45  Probe x2 (Chrono Boost)  
  31  2:54  Probe (Chrono Boost)  
  31  2:56  Probe (Chrono Boost)  
  31  2:57  Robotics Facility  
  33  2:59  Probe (Chrono Boost)  
  33  3:05  Probe  
  35  3:11  Probe  
  36  3:17  Probe  
  37  3:20  Gateway  
  37  3:23  Probe  
  37  3:24  Dark Shrine  
  38  3:30  Gateway  
  38  3:35  Gateway  
  38  3:41  Warp Prism (Chrono Boost)  
  40  3:48  Assimilator  
  40  3:50  Assimilator  
  40  3:54  Probe  
  40  3:55  Probe  
  42  3:59  Pylon  
  42  4:06  Pylon, Probe  
  42  4:07  Probe  
  44  4:19  Probe x2  
  46  4:31  Probe x2  
  48  4:38  Dark Templar x4  
  52  4:43  Probe x2  
  58  4:52  Forge  
  58  4:57  Probe  
  60  5:00  Observer (Chrono Boost)  
  60  5:02  Archon x2  
  61  5:09  Nexus  
  61  5:12  Pylon  
  60  5:18  Sentry  
  60  5:19  Protoss Ground Weapons Level 1 (Chrono Boost)  
  62  5:24  Pylon  
  62  5:28  Immortal (Chrono Boost)  
  62  5:29  Charge  
  62  5:33  Probe x2  
  68  5:50  Immortal  
  68  5:54  Gateway  
  68  5:55  Gateway  
  68  5:59  Gateway x2  
  72  6:06  Probe  
  72  6:07  Probe  
  74  6:16  Sentry x2  
  78  6:22  Pylon  
  78  6:24  Pylon  
  78  6:26  Immortal (Chrono Boost), Probe x2  
  78  6:27  Probe  
  78  6:31  Sentry x2  
  89  6:38  Probe x2  
  89  6:39  Probe  
  92  6:41  Pylon  
  92  6:44  Sentry x2  
  96  6:50  Probe x2  
  96  6:51  Probe, Pylon  
  96  6:52  Sentry x2  
  96  6:53  Pylon  
  103  7:09  Zealot  
  103  7:10  Probe x2  
  103  7:12  Pylon  
  103  7:13  Pylon  
  107  7:18  Protoss Ground Weapons Level 2  
  107  7:26  Zealot x6  
  107  7:27  Zealot  
  107  7:29  Zealot  
  113  7:46  Zealot x3  
  113  7:47  Zealot x4  
  107  8:03  Phoenix  
  107  8:07  Zealot x8  
  123  8:33  Zealot x6  
  123  8:34  Zealot x2  
Show
View Real Time Build Order
Export as new Build Order

A.I. 2 (Elite) Zerg 

Build Orders: Pool First 

Get SALT Encoding   

  12  0:00  Drone  
  13  0:12  Overlord  
  13  0:17  Drone  
  14  0:30  Drone x2  
  16  0:43  Spawning Pool  
  16  0:44  Drone  
  16  0:49  Drone  
  17  1:12  Hatchery  
  17  1:14  Drone  
  17  1:18  Extractor  
  17  1:20  Drone  
  17  1:24  Drone  
  18  1:28  Drone  
  19  1:38  Overlord  
  19  1:49  Drone  
  19  1:51  Queen  
  22  1:59  Zergling x2  
  23  2:10  Drone  
  24  2:21  Drone  
  25  2:26  Roach Warren  
  25  2:27  Queen  
  26  2:34  Drone  
  27  2:37  Extractor  
  27  2:39  Drone  
  27  2:45  Overlord  
  27  2:48  Drone  
  28  2:52  Drone  
  28  2:55  Drone  
  30  2:59  Drone  
  30  3:02  Drone  
  30  3:04  Zergling x2  
  32  3:08  Zergling x2  
  32  3:12  Zergling x2  
  34  3:16  Roach  
  36  3:20  Roach  
  36  3:24  Roach  
  40  3:28  Roach  
  40  3:30  Drone  
  43  3:38  Overlord  
  43  3:46  Lair  
  43  3:50  Metabolic Boost  
  43  3:56  Drone x2  
  43  3:58  Drone  
  43  4:01  Drone  
  47  4:03  Drone  
  47  4:06  Drone  
  47  4:08  Drone  
  50  4:11  Drone  
  50  4:14  Overlord  
  51  4:22  Evolution Chamber, Drone  
  51  4:27  Evolution Chamber, Drone  
  51  4:32  Drone x3  
  51  4:36  Drone  
  55  4:38  Drone  
  55  4:41  Drone  
  55  4:42  Drone  
  58  4:48  Spore Crawler  
  58  4:50  Spore Crawler  
  58  4:52  Drone  
  57  4:53  Infestation Pit  
  57  4:54  Drone  
  57  4:56  Drone  
  57  4:59  Overseer  
  58  5:00  Zerg Missile Weapons Level 1  
  58  5:03  Overlord  
  58  5:21  Extractor, Drone x3, Roach, Overlord  
  59  5:22  Drone, Hydralisk Den  
  59  5:24  Drone  
  59  5:25  Drone  
  64  5:37  Zerg Ground Armor Level 1  
  64  5:39  Ravager, Roach, Overlord  
  64  5:40  Extractor, Roach  
  64  5:41  Drone  
  69  5:43  Drone  
  69  5:44  Drone  
  69  5:45  Drone  
  72  5:50  Hatchery  
  72  5:53  Hydralisk  
  73  5:57  Hydralisk  
  73  6:01  Overlord  
  73  6:02  Hydralisk  
  77  6:05  Hydralisk  
  77  6:07  Drone  
  77  6:09  Drone  
  77  6:10  Drone  
  82  6:12  Drone  
  83  6:18  Hydralisk  
  83  6:19  Ravager, Roach  
  83  6:21  Overlord  
  83  6:23  Roach  
  90  6:26  Roach  
  92  6:38  Hydralisk  
  92  6:39  Infestor, Roach  
  96  6:40  Overlord  
  96  6:41  Hydralisk  
  96  6:46  Hydralisk  
  99  6:57  Hydralisk  
  99  6:58  Overlord  
  101  7:03  Drone x4  
  101  7:04  Drone  
  106  7:09  Drone  
  106  7:12  Extractor, Hydralisk x2, Drone x2  
  106  7:14  Hydralisk  
  114  7:15  Hydralisk  
  114  7:16  Drone, Overlord  
  114  7:21  Drone  
  118  7:23  Drone  
  118  7:25  Drone  
  120  7:31  Drone  
  120  7:34  Drone  
  120  7:36  Overlord  
  121  7:42  Zergling x2  
  121  7:43  Hydralisk x2, Roach  
  105  7:45  Drone  
  105  7:47  Hydralisk  
  105  7:48  Drone, Zergling x2, Roach  
  93  7:56  Roach  
  76  7:59  Roach  
  76  8:04  Hydralisk  
  76  8:09  Zergling x2  
  76  8:12  Ravager  
  70  8:17  Zergling x2  
  42  8:29  Zergling x2  
  42  8:31  Roach x2  
  37  8:36  Queen  
  37  8:37  Roach  
  37  8:48  Zergling x2  
Tags
 
Add a new tag
Caveats
  • Supply blocks, unpowered buildings, or Contaminate may cause inaccurate times.
  • Supply counts are checked every 10 seconds.